Map: Acid Plant LE

Players

LiquidMaNa (MaNa) - Winner!

  • Race: Protoss Protoss
  • League: Master
  • Spawn Location: 11:00

Lambo

  • Race: Zerg Zerg
  • League: Master
  • Spawn Location: 5:00

Event: HomeStory Cup XVIII

VOD

Have the link to the VOD?

Description

Time

  • Played on: Nov. 23, 2018, 10:32 a.m.
  • Length: 12:24

All games in this series

Show
View Real Time Build Order
Export as new Build Order

LiquidMaNa Protoss - Winner!

Build Orders: 1 Gate Expand, Oracle Opening, Archon Immortal 

Get SALT Encoding   

  12  0:00  Probe  
  13  0:12  Probe  
  14  0:20  Pylon  
  14  0:24  Probe  
  15  0:34  Probe  
  15  0:38  Assimilator  
  15  0:42  Probe  
  16  0:47  Gateway  
  17  0:51  Probe  
  18  0:59  Probe  
  19  1:07  Probe  
  20  1:23  Nexus  
  20  1:34  Cybernetics Core  
  20  1:37  Probe  
  21  1:44  Assimilator  
  21  1:49  Probe  
  21  1:53  Pylon  
  22  2:02  Adept, Probe  
  23  2:14  Probe  
  26  2:18  Stargate  
  26  2:24  Warp Gate  
  26  2:26  Probe  
  27  2:33  Stalker  
  27  2:35  Probe  
  30  2:38  Probe  
  31  2:47  Probe  
  31  2:50  Probe  
  33  2:52  Oracle  
  33  2:59  Probe  
  33  3:02  Probe  
  38  3:08  Adept  
  38  3:11  Probe  
  41  3:14  Probe  
  42  3:26  Pylon, Probe x2  
  44  3:31  Gateway  
  44  3:34  Oracle  
  44  3:38  Assimilator, Probe x2  
  46  3:41  Assimilator  
  49  3:50  Probe x2  
  49  3:52  Pylon  
  49  3:55  Twilight Council  
  51  3:59  Forge  
  51  4:02  Probe  
  52  4:07  Probe  
  53  4:14  Protoss Ground Weapons Level 1, Probe  
  54  4:19  Probe  
  55  4:24  Charge  
  55  4:26  Pylon, Probe  
  55  4:29  Nexus  
  56  4:36  Probe  
  57  4:38  Probe  
  57  4:45  Robotics Facility  
  58  4:58  Probe x2  
  60  5:00  Robotics Facility  
  60  5:03  Sentry  
  60  5:04  Sentry  
  64  5:09  Pylon x2  
  64  5:14  Gateway  
  64  5:19  Probe  
  65  5:23  Probe  
  65  5:27  Observer  
  66  5:29  Gateway  
  66  5:30  Gateway  
  66  5:31  Gateway, Probe  
  68  5:39  Immortal  
  68  5:44  Probe x3  
  68  5:45  Observer  
  68  5:46  Shield Battery  
  75  5:56  Protoss Ground Weapons Level 2  
  76  5:57  Templar Archives  
  76  5:59  Probe x2  
  76  6:00  Probe  
  76  6:03  Immortal  
  79  6:11  Probe  
  84  6:19  Assimilator  
  84  6:21  Assimilator, Immortal  
  84  6:23  Probe x2  
  90  6:29  Probe  
  90  6:30  Pylon, Observer  
  91  6:39  Probe  
  93  6:40  Probe  
  93  6:41  Psionic Storm  
  93  6:47  Immortal  
  93  6:50  Probe, Immortal  
  93  6:52  Probe x2  
  93  6:53  High Templar  
  102  6:55  Pylon x2  
  106  7:14  Pylon  
  106  7:15  High Templar  
  108  7:16  High Templar  
  108  7:18  Photon Cannon  
  108  7:21  Zealot x3  
  116  7:26  Pylon  
  116  7:27  Gateway x2  
  116  7:28  Immortal  
  116  7:29  Shield Battery  
  116  7:30  Immortal  
  120  7:42  Zealot x2  
  128  7:55  High Templar x2  
  128  7:58  Photon Cannon  
  132  8:04  Archon  
  132  8:05  Zealot x2  
  136  8:08  Pylon  
  136  8:10  Pylon  
  134  8:17  Zealot x2  
  138  8:22  Zealot  
  138  8:26  Zealot x3  
  145  8:27  Zealot x2  
  136  8:36  Archon  
  136  8:37  Immortal  
  140  8:42  High Templar x2  
  140  8:43  High Templar  
  146  8:49  High Templar x2, Zealot  
  146  8:50  Zealot x2  
  146  8:54  Pylon  
  146  8:55  Pylon  
  156  9:01  Protoss Ground Weapons Level 3  
  156  9:02  Warp Prism  
  156  9:04  Observer  
  156  9:09  Pylon  
  156  9:11  Pylon  
  156  9:14  Stalker x2  
  156  9:15  Zealot  
  162  9:24  Nexus  
  162  9:29  High Templar x2, Zealot x3  
  162  9:48  Zealot x3  
  165  9:53  Archon x2  
  165  9:54  Archon  
  165  9:57  Immortal  
  154  10:04  Zealot x5  
  144  10:23  Zealot x3  
  144  10:24  Immortal  
  144  10:33  Archon  
  138  10:36  Immortal  
  126  10:44  Zealot x5  
  126  10:49  High Templar x3  
  129  10:57  Immortal  
  114  11:08  High Templar x2, Zealot x3  
  124  11:12  Assimilator  
  124  11:14  Observer  
  124  11:16  Assimilator, Archon  
  124  11:24  Sentry x3  
  131  11:27  Pylon  
  131  11:33  High Templar x3  
  137  11:50  Zealot x5  
  137  11:53  Probe  
  128  12:15  Zealot x8  
  132  12:19  Archon  
Show
View Real Time Build Order
Export as new Build Order

Lambo Zerg 

Build Orders: Hatch First, Lurkers, Roach Hydra 

Get SALT Encoding   

  12  0:01  Drone  
  13  0:12  Overlord  
  13  0:17  Drone  
  14  0:31  Drone x2  
  16  0:49  Hatchery  
  15  0:51  Drone  
  15  0:55  Drone  
  17  0:58  Drone  
  18  1:08  Extractor  
  17  1:13  Spawning Pool  
  17  1:17  Drone  
  17  1:20  Drone  
  18  1:28  Drone  
  19  1:40  Drone  
  20  1:50  Overlord  
  20  2:02  Queen x2  
  20  2:03  Zergling x4  
  26  2:09  Metabolic Boost  
  26  2:11  Drone  
  26  2:13  Drone  
  28  2:22  Drone x2  
  30  2:37  Hatchery  
  30  2:38  Drone  
  30  2:41  Drone  
  30  2:43  Drone  
  32  2:48  Overlord  
  32  2:54  Queen  
  34  3:01  Drone x2  
  36  3:06  Drone x2  
  36  3:11  Drone x2  
  36  3:12  Drone x2  
  42  3:15  Overlord  
  42  3:22  Drone  
  42  3:26  Spore Crawler  
  42  3:27  Drone x2  
  42  3:33  Queen  
  46  3:35  Drone x2  
  48  3:42  Drone x3  
  48  3:45  Lair  
  48  3:47  Drone  
  52  3:50  Extractor  
  52  3:51  Extractor  
  52  3:52  Drone x2  
  52  3:56  Roach Warren  
  52  3:59  Overlord  
  50  4:03  Drone x2  
  50  4:07  Spore Crawler  
  50  4:08  Drone  
  52  4:12  Drone x3  
  52  4:15  Drone x2  
  57  4:20  Drone x2  
  57  4:22  Drone  
  60  4:25  Overlord  
  60  4:28  Drone x2  
  62  4:34  Overlord  
  62  4:36  Overlord  
  62  4:39  Spore Crawler  
  62  4:44  Overlord, Glial Reconstitution  
  61  4:45  Overlord  
  61  4:48  Evolution Chamber  
  61  4:49  Zergling x2  
  60  4:55  Zergling x8  
  60  4:57  Drone  
  60  4:58  Drone  
  64  5:01  Drone x2  
  64  5:02  Drone  
  67  5:07  Drone x3  
  67  5:10  Drone  
  67  5:11  Extractor  
  67  5:13  Drone x2  
  72  5:17  Drone x2  
  72  5:20  Hydralisk Den  
  74  5:21  Drone x2  
  74  5:22  Zerg Missile Weapons Level 1  
  74  5:23  Extractor  
  74  5:24  Drone  
  72  5:29  Drone x2  
  72  5:30  Drone  
  72  5:31  Drone x2  
  72  5:34  Zergling x6  
  80  5:39  Drone x2  
  81  5:43  Drone  
  81  5:47  Drone  
  83  5:51  Extractor  
  83  5:54  Pneumatized Carapace  
  82  5:57  Grooved Spines  
  82  5:58  Hydralisk x3  
  82  5:59  Hatchery  
  82  6:00  Overlord  
  86  6:05  Drone  
  86  6:08  Hydralisk x3  
  92  6:11  Drone  
  93  6:19  Overseer  
  93  6:22  Overlord  
  93  6:26  Hydralisk x2, Roach x3  
  103  6:33  Roach  
  103  6:34  Overlord x3  
  103  6:36  Overlord  
  103  6:37  Overlord  
  103  6:40  Overlord  
  103  6:44  Hydralisk  
  103  6:45  Roach x3  
  111  6:52  Roach x3  
  117  6:59  Roach x4  
  117  7:00  Roach  
  127  7:04  Roach x3  
  133  7:09  Muscular Augments  
  133  7:10  Roach x4  
  145  7:15  Roach x2  
  145  7:16  Roach  
  145  7:21  Hydralisk, Zerg Missile Weapons Level 2  
  145  7:22  Hydralisk  
  151  7:24  Hydralisk  
  151  7:28  Roach  
  155  7:32  Overlord  
  155  7:35  Overlord  
  155  7:36  Hydralisk  
  154  7:41  Overlord  
  154  7:48  Hydralisk x2  
  154  7:49  Hydralisk x2  
  162  7:53  Hydralisk x2  
  166  8:03  Hydralisk x2  
  166  8:04  Zergling x12  
  176  8:08  Hydralisk  
  176  8:09  Hydralisk  
  172  8:14  Hydralisk x3  
  172  8:17  Ravager  
  172  8:18  Ravager  
  174  8:20  Hydralisk x2  
  174  8:25  Hydralisk x2  
  181  8:29  Drone x3  
  159  8:34  Drone x4  
  159  8:41  Drone x4  
  163  8:44  Drone x2  
  163  8:45  Lurker Den  
  163  8:46  Extractor  
  156  8:49  Extractor  
  156  8:52  Hydralisk x3  
  156  8:54  Drone  
  159  9:05  Drone x3  
  158  9:18  Hatchery  
  158  9:20  Overseer  
  158  9:22  Queen  
  158  9:23  Hydralisk x4  
  167  9:24  Zergling x6  
  167  9:25  Overlord  
  167  9:28  Hydralisk  
  167  9:29  Zergling x2  
  165  9:32  Hydralisk  
  165  9:33  Overseer  
  165  9:37  Zerg Ground Armor Level 1  
  168  9:39  Roach x7  
  168  9:43  Hydralisk x3  
  173  9:45  Hydralisk  
  173  9:48  Hydralisk  
  157  9:54  Hydralisk  
  157  9:55  Hydralisk x2  
  157  9:57  Zergling x2  
  157  9:58  Zergling x2  
  135  10:00  Hydralisk  
  135  10:03  Hydralisk  
  128  10:09  Hydralisk x2  
  128  10:13  Hydralisk x2  
  136  10:18  Hydralisk  
  136  10:19  Hydralisk  
  136  10:21  Roach  
  135  10:24  Roach x2  
  135  10:28  Hydralisk  
  134  10:39  Overlord  
  134  10:40  Hydralisk x4  
  134  10:41  Hydralisk  
  126  10:47  Hydralisk x2  
  112  10:51  Hydralisk  
  112  10:54  Hydralisk  
  107  11:02  Hydralisk x2  
  101  11:10  Hydralisk x2  
  105  11:21  Hydralisk x2  
  105  11:24  Lurker  
  105  11:25  Lurker  
  111  11:31  Lurker  
  111  11:32  Zergling x4, Lurker  
  115  11:34  Overseer  
  115  11:41  Hydralisk x2  
  115  11:45  Overlord  
  119  11:49  Hydralisk  
  119  11:50  Zergling x2  
Tags
 
Add a new tag
Caveats
  • Supply blocks, unpowered buildings, or Contaminate may cause inaccurate times.
  • Supply counts are checked every 10 seconds.